caeasr, neutral male human Barbarian ------- --- --..|..---- --- -----.-----.........---.-- |.|......................-- |................%........--- |...--..-...--..@.*..........| --..--|...--.---..T..%........| |...| --...|...|----......#-..| --.-- |.....|.--- ---....----- ---------- .... ----.... .... --- |.--..|...| --.....| -............ ......|.|............ |.|------.--- |.....||.....-----...----.........(..........<.. |%| |...------..---....-| --...--............---.%....--- |.| ---...........%.`...| |.(..........|.*..| --...%-- |.| |..----------.....-- ------.....----.- |....| |.| ---- ---....| -..... - |...-- |.-- --...| --.-- |..--- |..-- -- |....| ---- |.....| --.|.-- ----- caeasr the Bandit Experience level: 9 Strength: 18/01 Dexterity: 18 Constitution: 18 Intelligence: 8 Wisdom: 9 Charisma: 7 Health: 0(93) Energy: 20(20) Def: 10 Gold: 6465 Moves: 13708 Dungeon seed: TtHpaL3jg8Qm6bNZ Game ID: caeasr_1506958831 Your Inventory: Coins $ - 6465 gold pieces Weapons a - the rustproof +4 Cleaver (weapon in hands) Armor r - an uncursed rusty +0 dwarvish iron helm (being worn) y - an uncursed +0 robe (being worn) N - an uncursed +0 pair of iron shoes (being worn) X - a blessed +0 elven mithril-coat (being worn) Y - a blessed very rusty +1 pair of iron shoes Comestibles b - an uncursed pancake j - 2 uncursed pancakes s - an uncursed tin of centipede meat E - an uncursed tripe ration Scrolls p - an uncursed scroll of identify D - an uncursed scroll of light F - an uncursed scroll of earth K - 2 uncursed scrolls of confuse monster T - an uncursed scroll of fire V - a cursed scroll of earth Potions d - an uncursed potion of sickness h - 4 uncursed potions of water n - an uncursed potion of monster detection v - an uncursed potion of levitation M - an uncursed potion of oil Q - a blessed potion of extra healing R - an uncursed potion of confusion Rings g - an uncursed ring of free action m - an uncursed ring of poison resistance o - an uncursed ring of fire resistance x - an uncursed ring of regeneration G - an uncursed ring of levitation I - an uncursed +1 ring of increase damage (on right hand) Wands f - a wand of digging (0:5) i - a wand of digging (0:7) k - a wand of striking (0:7) t - a wand of undead turning (0:3) u - a blessed wand of striking (0:7) w - a wand of polymorph (0:7) B - a wand of make invisible named make invisibile (0:5) C - a wand of striking (0:8) J - a wand of wishing (0:0) S - a wand of make invisible named make invisible (0:2) W - a wand of teleportation (0:5) Tools c - an uncursed mirror l - a +0 unicorn horn q - an uncursed tin opener z - 5 uncursed tallow candles (0:200) A - an uncursed blindfold H - an uncursed wax candle (0:400) L - an uncursed leash O - a +0 unicorn horn P - an uncursed lock pick U - 3 cursed tallow candles (0:200) Z - an uncursed stethoscope Spells and supernatural/magical abilities: Name Level Category Fail Memory W - pray for help -- divine ? -- Your skills at the end: Fighting Skills bare handed combat [Basic] Weapon Skills axe [Expert] short sword [Basic] Spellcasting Skills Final Attributes: You were piously aligned. You were poison resistant. You were telepathic. You had a +1 damage bonus. You were fast. You are dead. Vanquished creatures: 2 ghosts a giant mimic a small mimic a troll a pyrolisk a flaming sphere a large cat an ochre jelly 2 Grey-elves 2 chameleons a giant beetle a quivering blob 2 wolves a gremlin a spotted jelly 3 leprechauns 2 iron piercers 2 giant spiders 2 black lights 2 forest centaurs 5 gnome kings 2 owlbears 3 Green-elves 2 lizards a chickatrice a dingo a housecat 3 jaguars a dwarf lord a blue jelly a white unicorn a black unicorn 2 dust vortices 2 snakes 2 apes 4 Woodland-elves 6 soldier ants 5 fire ants a bugbear a water nymph a Mordor orc 3 rock piercers 2 rock moles 2 fog clouds 3 yellow lights a shrieker 9 gnome lords 7 gnomish wizards a barrow wight 6 elf zombies a baby crocodile 4 giant ants 5 floating eyes a kitten 17 dwarves 2 homunculi 2 kobold lords a kobold shaman 20 hill orcs 15 rothes a rabid rat a centipede a giant bat a monkey an orc zombie 4 dwarf zombies a wererat a werejackal 4 iguanas 3 killer bees 2 acid blobs 2 coyotes a gas spore 6 hobbits 9 manes a large kobold 5 hobgoblins 4 giant rats 12 cave spiders a brown mold 2 yellow molds a green mold 44 gnomes 5 garter snakes a gnome zombie 8 geckos 3 jackals 2 foxes a kobold 4 goblins a sewer rat 9 grid bugs 3 bats 6 lichens 2 kobold zombies 7 newts 338 creatures vanquished. Voluntary challenges: You had followed a strict vegan diet until turn 2268. You had followed a strict vegetarian diet until turn 2268. You used a wielded weapon 404 times, starting on turn 24. You read items or engraved 21 times, starting on turn 929. You never genocided any monsters. You never polymorphed an object. You never changed form. You used 1 wish, starting on turn 10607. You did not wish for any artifacts. You never split a pudding. You never wrote Elbereth's name. You violated your moral code, losing 33 points of alignment, starting on turn 7045. Dungeon overview: The Dungeons of Doom: levels 1 to 18 Level 1 an altar to Crom a long staircase Level 2 Level 3 a potion shop stairs to The Gnomish Mines Level 4 Level 5 Level 6 a general store, an altar to Crom, some fountains Level 7 an altar to Crom, a fountain Level 8 many fountains Level 9 a fountain stairs to Sokoban Level 10 Level 11 some fountains Level 12 a general store Level 13 Level 14 some sinks Level 15 some fountains, a throne Level 16 a temple to Mitra, a fountain Level 17 a sink Level 18 The Gnomish Mines: levels 4 to 10 Level 4 stairs to The Dungeons of Doom Level 5 Level 6 Level 7 some shops, a temple to Crom, some fountains Level 8 Level 9 <- You were here Level 10 Sokoban: levels 7 to 8 Level 7 Level 8 stairs to The Dungeons of Doom History has recorded: On T:1 you entered the Dungeons of Doom to retrieve the Amulet of Yendor! On T:23 you reached level 2 of The Dungeons of Doom. On T:237 you reached level 3 of The Dungeons of Doom. On T:328 you reached level 4 of The Dungeons of Doom. On T:603 you advanced to experience level 2. On T:1221 you reached level 1 of The Gnomish Mines. On T:1222 you advanced to experience level 3. On T:1269 you advanced to experience level 4. On T:1432 you advanced to experience level 5. On T:2233 you reached level 5 of The Dungeons of Doom. On T:2488 you reached level 6 of The Dungeons of Doom. On T:2579 you reached level 7 of The Dungeons of Doom. On T:2850 you advanced to experience level 6. On T:3304 you received Cleaver from Crom. On T:3883 you reached level 8 of The Dungeons of Doom. On T:3986 you advanced to experience level 7. On T:5023 you reached level 9 of The Dungeons of Doom. On T:5203 you reached level 4 of Sokoban. On T:5870 you reached level 3 of Sokoban. On T:6608 you reached level 10 of The Dungeons of Doom. On T:6823 you reached level 11 of The Dungeons of Doom. On T:6880 you advanced to experience level 8. On T:7299 you reached level 12 of The Dungeons of Doom. On T:7337 you reached level 13 of The Dungeons of Doom. On T:8027 you reached level 14 of The Dungeons of Doom. On T:8297 you reached level 15 of The Dungeons of Doom. On T:9175 you reached level 16 of The Dungeons of Doom. On T:9519 you reached level 17 of The Dungeons of Doom. On T:9638 you reached level 18 of The Dungeons of Doom. On T:9956 you advanced to experience level 9. On T:10607 you wished for "blessed scroll of recharging". On T:11691 you reached level 2 of The Gnomish Mines. On T:12389 you reached level 3 of The Gnomish Mines. On T:12710 you reached level 4 of The Gnomish Mines. On T:13286 you reached level 5 of The Gnomish Mines. On T:13449 you reached level 6 of The Gnomish Mines. On T:13649 you reached level 7 of The Gnomish Mines. Score breakdown: Gold: 6465 (12962 points) Experience: 9 levels (15756 points) Exploration: 18 levels ( 36.73%) (17853 points) Discoveries: 30 items ( 12.20%) (10476 points) Valuables value: (no points given unless you survive) Artifact value: 1500 (10804 points) Variety of kills: 96 monsters ( 25.20%) (15058 points) Turncount: 13708 turns (-2844 points) Survival: died (score multiplied by 80%) Total score: 64052 Latest messages: An arch-lich on the floor of a room. Never mind. You feel much better. The arch-lich touches you! The arch-lich casts a spell! A monster appears from nowhere! You miss the arch-lich. The rock troll hits! (2x) The rock troll bites! The arch-lich touches you! The arch-lich points all around, then curses. The rock troll hits! (2x) The rock troll just misses! You feel that monsters are aware of your presence. The rock troll hits! You die... Final status: Goodbye caeasr the Barbarian, killed by a rock troll... You died in The Gnomish Mines on dungeon level 9 with 64052 points, and 6465 pieces of gold, after 13708 moves. You were level 9 with a maximum of 93 hit points when you died.